 Dungeon Crawl Stone Soup version 0.27.0-1-g7a089689b8 (webtiles) character file.

Game seed: 1518619794572256331

166 Conn the Chiller (level 5, -5/28 HPs)
             Began as a Deep Elf Ice Elementalist on Aug 8, 2021.
             Slain by a water moccasin zombie (7 damage)
             ... on level 4 of the Dungeon.
             The game lasted 00:06:19 (3079 turns).

Conn the Chiller (Deep Elf Ice Elementalist)        Turns: 3079, Time: 00:06:20

Health: -5/28      AC:  3    Str:  5    XL:     5   Next: 22%
Magic:  13/13      EV: 13    Int: 21    God:
Gold:   112        SH:  0    Dex: 15    Spells: 2/13 levels left

rFire    . . .     SeeInvis .   n - +2 dagger (venom)
rCold    . . .     Faith    .   (no shield)
rNeg     . . .     Spirit   .   a - +0 robe
rPois    .         Reflect  .   (no helmet)
rElec    .         Harm     .   (no cloak)
rCorr    .         Rampage  .   g - +0 pair of gloves
Will     .....                  (no boots)
Stlth    ++........             (no amulet)
HPRegen  0.09/turn              (no ring)
MPRegen  0.13/turn              (no ring)

@: no status effects
A: no striking features
a: no special abilities


You were on level 4 of the Dungeon.
You visited 1 branch of the dungeon, and saw 5 of its levels.

You collected 112 gold pieces.

Inventory:

Hand Weapons
 c - a +0 dagger
 d - a +0 short sword
 n - a +2 dagger of venom (weapon)
Missiles
 m - 5 curare-tipped darts
Armour
 a - a +0 robe (worn)
 g - a +0 pair of gloves (worn)
Scrolls
 b - a scroll of magic mapping {unknown}
 e - a scroll of enchant weapon {unknown}
 i - a scroll of identify {unknown}
 j - a scroll of noise {unknown}
 o - 2 scrolls of teleportation
Potions
 f - a potion of might {unknown}
 h - a potion of lignification {unknown}
 k - a potion of degeneration {unknown}
 l - a potion of heal wounds {unknown}


   Skills:
 + Level 0.2 Fighting
 + Level 0.3 Short Blades
 + Level 3.1 Dodging
 + Level 3.3 Stealth
 + Level 4.6 Spellcasting
 * Level 0.3 Conjurations
 + Level 5.7 Ice Magic


You had 2 spell levels left.
You knew the following spells:

 Your Spells              Type           Power      Damage    Failure   Level
a - Freeze                Ice            100%       1d11      1%          1
b - Frozen Ramparts       Ice            58%        1d7       3%          3
c - Ozocubu's Armour      Ice            29%        N/A       3%          3
d - Hailstorm             Conj/Ice       17%        3d6       32%         4

Your spell library contained the following spells:

 Spells                   Type           Power      Damage    Failure   Level
 Magic Dart               Conj           24%        1d4       10%         1
 Call Imp                 Summ           4%         N/A       17%         2
 Mephitic Cloud           Conj/Pois/Air  5%         N/A       32%         3


Dungeon Overview and Level Annotations

Branches:
Dungeon (5/15)
 Temple: D:4-7

Altars:
Qazlal

Annotations:
D:3 1 runed translucent door, Zaque's ghost, amateur TrHu


Message History

Aim: a ball python (severely wounded)
You freeze the ball python.
You kill the ball python!
Unknown command.
The water moccasin zombie bites you!
The water moccasin zombie barely misses you.
The water moccasin zombie completely misses you.
Found 8 javelins.
The water moccasin zombie barely misses you.
A ball python and a kobold come into view.
Found a sedimented purple potion.
A ball python comes into view.
A quokka comes into view.
The water moccasin zombie closely misses you.
Found 10 gold pieces.
Found 14 gold pieces and 12 sling bullets.
The water moccasin zombie closely misses you.
Found a scroll labelled NENEAM ATEATI.
A dart slug comes into view.
Found a short sword.
The water moccasin zombie misses you. 2 gnolls come into view.
Found two pairs of gloves.
The water moccasin zombie bites you.
The gnoll shouts!
You hear a shout!
Found 13 gold pieces.
The water moccasin zombie bites you but does no damage.
Found a stone staircase leading up.
The water moccasin zombie bites you but does no damage.
A kobold comes into view. It is wielding a +0 dagger.
The water moccasin zombie bites you.
Found a whip.
The kobold shouts!
The gnoll hits you from afar with a +0 halberd!
* * * LOW HITPOINT WARNING * * *
The kobold barely misses you.
There is a stone staircase leading up here.
The water moccasin zombie bites you.
* * * LOW HITPOINT WARNING * * *
The gnoll misses you. The water moccasin zombie bites you!
You die...

#......# #......#
########.[....#
..............######.#
####...#.............#
#............K.#####....
#.##...####......###....
..........g.$.gZK)......
#.##.####.....##@##....#
#.##.####....######....########
#.##....#....######...........#
.w...##.#....... .............#
.....##.#.....#####...........#
.....##.#............#........#
.?$.....#.......####..........#
.....r.....h..........>.......#
........$..#.#............##.#


You could see 2 gnolls, a water moccasin zombie and 2 kobolds.

Vanquished Creatures
  Jessica (D:2)
  An orc wizard (D:3)
  4 adders
  A worm (D:3)
  3 dart slugs
  6 orcs (D:3)
  9 ball pythons
  6 bats
  7 endoplasms
  4 giant cockroaches
  4 hobgoblins
  3 jackals (D:2)
  6 kobolds
  A quokka (D:1)
  2 frilled lizards (D:1)
  5 rats
63 creatures vanquished.

Notes
Turn   | Place    | Note
-------+----------+-------------------------------------------
     0 | D:1      | Conn the Deep Elf Ice Elementalist began the quest for the
                  | Orb.
     0 | D:1      | Reached XP level 1. HP: 10/10 MP: 6/6
   386 | D:1      | Reached XP level 2. HP: 15/15 MP: 5/8
   707 | D:1      | Reached skill level 5 in Ice Magic
  1297 | D:2      | Reached XP level 3. HP: 19/19 MP: 7/9
  1343 | D:2      | Found a faded altar of an unknown god.
  1358 | D:2      | Noticed Jessica
  1367 | D:2      | Killed Jessica
  1862 | D:2      | Reached XP level 4. HP: 21/24 MP: 10/12
  1996 | D:2      | Found a stormy altar of Qazlal.
  2392 | D:3      | Reached XP level 5. HP: 26/28 MP: 6/13
  2678 | D:3      | Learned a level 3 spell: Frozen Ramparts
  2682 | D:3      | Learned a level 3 spell: Ozocubu's Armour
  2687 | D:3      | Learned a level 4 spell: Hailstorm
  2708 | D:3      | Noticed Zaque's ghost (amateur TrHu)
  2719 | D:3      | Found a runed translucent door.
  2979 | D:3      | You fall into a shaft and drop 2 floors!
  2979 | D:5      | Entered Level 5 of the Dungeon
  2979 | D:5      | Noticed an ogre
  2983 | D:4      | Noticed a black bear
  3079 | D:4      | Slain by a water moccasin zombie

Illustrated notes

Levels and vault maps discovered:
D:1:      arrival_zaba_pyramid, layout_loops_ring
D:2:      layout_loops_cross, basic_altar,
          shapermc_ecumenical_altar_totnotflames, kennysheep_generic_room_7,
          uniq_jessica
D:3:      layout_loops_cross, hellmonk_ghost_happy_afterlife
D:4:      layout_basic, minmay_temple_entry_ruins
D:5:      layout_basic, marbit_many_paths, gammafunk_ghost_nasty_kobolds,
          lightli_corner_chamber, uniq_prince_ribbit1, uniq_blork_the_orc,
          uniq_sigmund

Skill      XL: |  1  2  3  4 |
---------------+-------------+-----
Ice Magic      | 5 |  5.7
Stealth        | 3 |  3.3
Spellcasting   | 4 |  4.6
Dodging        | 3 |  3.1
Fighting       | |  0.2
Short Blades   | |  0.3
Conjurations   | |  0.3

Action                   |  1- 3 |  4- 6 || total
-------------------------+-------+-------++-------
Melee: Unarmed           |     5 |       ||     5
       Short sword       |     5 |    11 ||    16
       Dagger            |     1 |     4 ||     5
 Cast: Freeze            |    48 |    39 ||    87
  Use: Scroll            |       |     1 ||     1
 Stab: Sleeping          |     4 |     7 ||    11
Armor: Robe              |    14 |     9 ||    23
Dodge: Dodged            |    24 |    42 ||    66
